 Dungeon Crawl Stone Soup version 0.28-a0-957-g42eb19b844 (webtiles) character file.

Game seed: 4937528307072170997

67852 avis the Brawler (level 15, -6/135 HPs)
             Began as a Hill Orc Monk on Nov 29, 2021.
             Was the Champion of Beogh.
             Mangled by a merfolk impaler (20 damage)
             ... on level 2 of the Shoals on Dec 1, 2021.
             The game lasted 03:34:04 (32062 turns).

avis the Brawler (Hill Orc Monk)                   Turns: 32062, Time: 03:34:06

Health: -6/135     AC: 17    Str: 19    XL:     15   Next: 24%
Magic:  22/22      EV: 17    Int: 16    God:    Beogh [******]
Gold:   1435       SH:  5    Dex: 13    Spells: 7/24 levels left

rFire   + . .      SeeInvis .     - Unarmed
rCold   . . .      Faith    +   m - +0 buckler
rNeg    . . .      Spirit   .   T - +0 steam dragon scales
rPois   .          Reflect  .   F - +0 hat
rElec   .          Harm     .   K - +0 cloak {rF+}
rCorr   .          Rampage  +   q - +2 pair of gloves {Str+3}
Will    +....                   H - +2 pair of boots {rampage}
Stlth   ++........              g - amulet of faith
HPRegen 0.32/turn               L - +4 ring of protection
MPRegen 0.18/turn               C - +4 ring of evasion

@: no status effects
A: walk on water
a: Renounce Religion, Smiting, Recall Orcish Followers, Give Item to Named
Follower, Resurrection


You were on level 2 of the Shoals.
You worshipped Beogh.
Beogh was exalted by your worship.
You visited 5 branches of the dungeon, and saw 22 of its levels.
You also visited: Volcano.

You collected 2240 gold pieces.
You spent 805 gold pieces at shops.

Inventory:

Hand Weapons
 n - a +0 spear
 o - a +0 trident
 O - a +0 spear
Missiles
 x - 6 throwing nets
 D - 81 stones
 Q - 21 bolts
Armour
 m - a +0 buckler (worn)
 q - a +2 pair of gloves of strength (worn)
 t - the +0 pair of boots "Vehi" {-Cast +Blink rN++}
   (You found it on level 1 of the Shoals)

   rN:        It greatly protects you from negative energy.
   +Blink:    It lets you blink.
   -Cast:     It prevents spellcasting.
 F - a +0 hat (worn)
 H - a +2 pair of boots of rampaging (worn)
 K - a +0 cloak of fire resistance (worn)
 T - +0 steam dragon scales (worn)
Jewellery
 g - an amulet of faith (around neck)
 C - a +4 ring of evasion (right hand)
 L - a +4 ring of protection (left hand)
Wands
 i - a wand of charming (5)
 l - a wand of paralysis (6) (quivered)
 p - a wand of mindburst (27)
 v - a wand of acid (13)
 y - a wand of iceblast (16)
 N - a wand of polymorph (14)
Scrolls
 a - 2 scrolls of enchant weapon {unknown}
 b - a scroll of immolation {unknown}
 d - a scroll of silence {unknown}
 f - 2 scrolls of fear
 h - 3 scrolls of blinking
 k - a scroll of identify
 u - a scroll of vulnerability {unknown}
 E - 6 scrolls of enchant armour {unknown}
 G - 7 scrolls of teleportation
 I - 4 scrolls of noise {unknown}
 J - 3 scrolls of fog {unknown}
 M - 7 scrolls of magic mapping
Potions
 c - 5 potions of lignification
 e - a potion of resistance
 j - a potion of brilliance {unknown}
 r - 4 potions of invisibility
 s - 2 potions of magic
 w - 3 potions of curing
 z - 2 potions of berserk rage
 A - 8 potions of heal wounds
 B - a potion of mutation
 R - 3 potions of might
 S - a potion of cancellation {unknown}
Miscellaneous
 P - a tin of tremorstones (2/2)
 U - a piece from Xom's chessboard (15/15)
 V - a lightning rod (4/4)


   Skills:
 - Level 13.0 Fighting
 - Level 5.0 Armour
 - Level 5.0 Dodging
 - Level 1.5 Stealth
 - Level 4.0 Shields
 - Level 19.0 Unarmed Combat
 * Level 5.1 Spellcasting
 - Level 12.0 Transmutations
 - Level 4.0 Ice Magic
 - Level 5.0 Invocations
 - Level 4.0 Evocations


You had 7 spell levels left.
You knew the following spells:

 Your Spells              Type           Power      Damage    Failure   Level
c - Passwall              Tmut/Erth      19%        N/A       1%          2
o - Ozocubu's Armour      Ice            16%        N/A       9%          3
B - Blade Hands           Tmut           21%        N/A       3%          5
D - Dragon Form           Tmut           21%        N/A       67%         7

Your spell library contained the following spells:

 Spells                   Type           Power      Damage    Failure   Level
 Freeze                   Ice            64%        1d8       3%          1
 Frozen Ramparts          Ice            32%        1d5       9%          3
 Animate Skeleton         Necr           8%         N/A       16%         1
 Pain                     Necr           16%        1d4       16%         1
 Shock                    Conj/Air       16%        1d4       16%         1
 Slow                     Hex            16%        N/A       16%         1
 Corpse Rot               Necr/Air       8%         N/A       22%         2
 Poisonous Vapours        Pois/Air       8%         N/A       22%         2
 Confusing Touch          Hex            4%         N/A       41%         3
 Portal Projectile        Hex/Tloc       8%         N/A       41%         3
 Swiftness                Air            4%         N/A       41%         3
 Vampiric Draining        Necr           4%         2d6       41%         3
 Hailstorm                Conj/Ice       10%        3d5       54%         4
 Airstrike                Air            2%         N/A       83%         4
 Animate Dead             Necr           2%         N/A       83%         4
 Cause Fear               Hex            2%         N/A       83%         4
 Summon Lightning Spire   Summ/Air       4%         N/A       83%         4
 Metabolic Englaciation   Hex/Ice        5%         N/A       88%         5
 Excruciating Wounds      Necr           2%         N/A       99%         5
 Simulacrum               Ice/Necr       5%         N/A       100%        6
 Haunt                    Necr/Summ      2%         N/A       100%        7
 Storm Form               Tmut/Air       11%        N/A       100%        7
 Infestation              Necr           2%         N/A       100%        8
 Maxwell's Capacitive Co  Air            2%         ∞         100%        8
 Dragon's Call            Summ           2%         N/A       100%        9


Dungeon Overview and Level Annotations

Branches:
Dungeon (12/15)            Temple (1/1) D:7            Lair (6/6) D:10
 Shoals (2/4) Lair:2       Spider (0/4) Lair:2        Slime (0/5) Lair:6
    Orc (1/2) D:11        Volcano (visited)

Altars:
Elyvilon
Fedhas
Makhleb
Qazlal
Uskayaw
Wu Jian

Shops:
D:10 *[

Annotations:
D:8 1 runed translucent door, timneilson's ghost, journeyman GrFi


Message History

The merfolk javelineer throws a javelin.
The javelin pierces through you!
The javelin pierces through the merfolk!
The javelin pierces through the merfolk!!
The merfolk hits your orc knight with a +0 trident!
You block the merfolk's attack.
Your orc knight hits the merfolk with a +0 flail!!
The merfolk impaler hits you from afar with a +6 trident of protection!!
You pummel the merfolk!!
You kill the merfolk!
Beogh accepts your kill.
The merfolk impaler hits you from afar with a +0 trident!
The merfolk javelineer throws a javelin.
The javelin pierces through you!
The merfolk impaler hits you from afar with a +6 trident of protection!!
The merfolk impaler hits you but does no damage.
The merfolk impaler hits you from afar with a +6 trident of protection!!
* * * LOW HITPOINT WARNING * * *
The merfolk throws a boomerang.
The boomerang hits you but does no damage.
The merfolk javelineer throws a javelin.
The javelin closely misses you.
The javelin pierces through your orc knight!
The merfolk impaler hits you from afar with a +6 trident of protection!
* * * LOW HITPOINT WARNING * * *
There is a stone staircase leading up, spattered with blood here.
What are your orders? t - Shout!
Orders for allies: a - Attack new target. r - Retreat! s - Stop attacking. g - Guard the area. f - Follow me.
Anything else - Cancel.
Follow me!
You block the merfolk impaler's attack.
The merfolk impaler hits you from afar with a +0 trident!
* * * LOW HITPOINT WARNING * * *
The merfolk impaler hits you but does no damage.
You block the merfolk javelineer's attack.
The merfolk hits you but does no damage.
The merfolk impaler hits you from afar with a +4 trident of distortion!!
You die...

≈≈≈≈≈.. ≈≈≈≈...
≈≈≈≈≈.. ≈≈≈≈≈≈≈
≈≈≈≈≈≈. ≈≈≈≈≈≈.
≈≈≈≈..m## .
≈≈≈≈.mm(## ≈..
≈≈≈≈≈≈..@##..≈≈≈
≈≈≈≈≈≈>..o.....≈
≈≈≈≈≈.m.mm......
≈≈≈≈......m.....
≈≈≈≈....m...t..≈
≈≈≈........?....
≈≈≈....^........
≈≈............m
≈≈....##.##....


You could see 3 merfolk impalers, a merfolk javelineer, a snapping turtle, 5
merfolk and a friendly orc knight.

Vanquished Creatures
  Harold (D:10)
  Erolcha (D:10)
  6 hydras
  A centaur warrior (D:11)
  A dancing weapon (Volcano)
  A two-headed ogre (D:10)
  An alligator snapping turtle (Shoals:1)
  9 death yaks
  4 skeletal warriors
  A sea snake (Shoals:1)
  2 lindwurms (Lair:6)
  5 wizards (Volcano)
  A necromancer (D:9)
  An orc knight (D:11)
  3 fauns (Shoals:1)
  A wolf spider (Lair:6)
  3 cyclopes
  10 elephants
  3 manticores
  3 merfolk sirens (Shoals:1)
  A black mamba (Lair:3)
  5 toenail golems (Volcano)
  A torpor snail (Lair:6)
  12 centaur zombies
  8 cane toads
  An unseen horror (D:12)
  2 rime drakes
  3 komodo dragons
  4 trolls
  3 wind drakes (Shoals:1)
  A polar bear (Lair:2)
  9 dream sheep
  4 blink frogs
  2 merfolk
  4 slime creatures
  A snapping turtle (Shoals:1)
  3 flying skulls (D:9)
  4 wraiths
  3 shadows
  6 basilisks
  28 yaks
  A steam dragon (D:6)
  A warg (D:11)
  9 water moccasins
  4 orc warriors
  2 ogres
  A black bear (D:6)
  A necrophage (D:6)
  14 wolves
  3 phantoms
  6 centaurs
  4 kobold brigands
  11 bullfrogs
  A scorpion (D:4)
  A wyvern skeleton (D:9)
  5 killer bees (Temple)
  12 wights
  A howler monkey (D:6)
  A bullfrog zombie (D:7)
  3 hounds
  2 orc priests
  A bullfrog skeleton (D:5)
  3 iron imps (D:7)
  2 jellies
  8 centaur skeletons
  4 iguanas
  5 orc wizards
  6 hell rats
  A killer bee zombie (D:9)
  5 ogre zombies (D:11)
  A howler monkey zombie (D:9)
  2 howler monkey skeletons (D:9)
  8 gnolls
  7 river rats (Lair:1)
  7 adders
  A shadow imp (D:6)
  An ufetubus (D:5)
  2 adder skeletons
  4 worms
  16 orcs
  8 bats
  7 endoplasms
  5 giant cockroaches
  5 goblins
  3 hobgoblins
  2 jackals (D:3)
  15 kobolds
  8 quokkas
  8 ball pythons
  6 frilled lizards
  2 goblin skeletons (D:11)
  A goblin zombie (D:11)
  A hobgoblin zombie (D:11)
  9 orc zombies (D:11)
  24 rats
434 creatures vanquished.

Vanquished Creatures (collateral kills)
  A merfolk impaler (Shoals:1)
  2 boulder beetles
  2 catoblepae
  7 death yaks
  A two-headed ogre (D:11)
  Sonja (Lair:3)
  A sea snake (Shoals:1)
  2 fauns (Shoals:1)
  A manticore (Shoals:1)
  A merfolk siren (Shoals:1)
  2 black mambas
  A water nymph (Shoals:1)
  13 cane toads
  A torpor snail (Lair:6)
  4 rime drakes
  2 polar bears (Lair:2)
  2 jumping spiders (Lair:1)
  A wind drake (Shoals:1)
  A merfolk (Shoals:1)
  A troll (D:11)
  7 slime creatures
  5 blink frogs
  A snapping turtle (Shoals:1)
  9 dream sheep
  A flying skull (D:9)
  13 yaks
  A wyvern (Lair:6)
  3 basilisks
  4 water moccasins
  A sky beast (D:6)
  An orc warrior (D:8)
  3 wolves (Lair:4)
  An ogre (D:11)
  4 centaurs
  A phantom (D:11)
  6 bullfrogs
  A troll zombie (D:11)
  4 wights
  An electric eel (Lair:1)
  A centaur zombie (D:9)
  A gnoll shaman (D:6)
  2 jellies
  An iguana (D:6)
  An orc wizard (D:9)
  8 hell rats (Lair:1)
  A gnoll (D:6)
  9 river rats (Lair:1)
  6 orcs
  3 kobolds (D:9)
  2 quokkas (Lair:1)
  2 orc skeletons (D:11)
  4 orc zombies (D:11)
  5 rats (Lair:1)
160 creatures vanquished.

Vanquished Creatures (others)
  A rime drake (Lair:6)
  5 orc wizards
  2 orc warriors
  16 orcs
  23 fungi
  32 plants
79 creatures vanquished.

Grand Total: 673 creatures vanquished

Notes
Turn   | Place    | Note
-------+----------+-------------------------------------------
     0 | D:1      | avis the Hill Orc Monk began the quest for the Orb.
     0 | D:1      | Reached XP level 1. HP: 19/19 MP: 1/1
    98 | D:1      | Reached XP level 2. HP: 10/26 MP: 2/2
   102 | D:1      | Reached skill level 4 in Unarmed Combat
   417 | D:1      | Found a faded altar of an unknown god.
   619 | D:1      | Reached XP level 3. HP: 31/31 MP: 3/3
  1165 | D:2      | Reached skill level 5 in Unarmed Combat
  1313 | D:2      | Reached XP level 4. HP: 24/39 MP: 4/4
  1642 | D:2      | Learned a level 3 spell: Ozocubu's Armour
  2774 | D:2      | Became a worshipper of Beogh the Brigand
  2774 | D:2      | Reached * piety under Beogh
  2774 | D:2      | Reached ** piety under Beogh
  3202 | D:3      | Reached skill level 1 in Ice Magic
  3202 | D:3      | Reached XP level 5. HP: 27/46 MP: 5/5
  3569 | D:3      | Reached skill level 6 in Unarmed Combat
  4175 | D:4      | Noticed a kobold brigand
  4195 | D:4      | Killed a kobold brigand
  4196 | D:4      | Reached skill level 1 in Invocations
  4196 | D:4      | Reached XP level 6. HP: 25/52 MP: 5/7
  5066 | D:4      | Reached skill level 7 in Unarmed Combat
  5066 | D:4      | Reached XP level 7. HP: 59/59 MP: 7/9
  5426 | D:5      | Entered Level 5 of the Dungeon
  5523 | D:5      | Reached *** piety under Beogh
  5542 | D:5      | Reached skill level 8 in Unarmed Combat
  5647 | D:5      | Reached skill level 9 in Unarmed Combat
  5647 | D:5      | Reached XP level 8. HP: 31/66 MP: 7/10
  6585 | D:5      | Reached skill level 5 in Fighting
  6801 | D:5      | Reached skill level 10 in Unarmed Combat
  7494 | D:6      | Reached skill level 11 in Unarmed Combat
  7494 | D:6      | Reached XP level 9. HP: 71/74 MP: 11/11
  8615 | D:7      | Reached skill level 12 in Unarmed Combat
  8630 | D:7      | Found a staircase to the Ecumenical Temple.
  8647 | D:7      | Reached skill level 1 in Spellcasting
  8655 | Temple   | Entered the Ecumenical Temple
  9254 | D:7      | Reached **** piety under Beogh
  9356 | D:7      | Identified the +1 leather armour of the Catamount {Drain
                  | Int+3 Dex+4}
  9579 | D:7      | Found a burning altar of Makhleb.
 10071 | D:8      | Found a runed translucent door.
 10091 | D:8      | Reached XP level 10. HP: 79/86 MP: 3/12
 10103 | D:8      | Reached skill level 13 in Unarmed Combat
 10109 | D:8      | Noticed timneilson's ghost (journeyman GrFi)
 10847 | D:9      | Reached skill level 1 in Armour
 11927 | D:9      | Noticed a necromancer
 11961 | D:9      | Killed a necromancer
 12029 | D:9      | Reached skill level 14 in Unarmed Combat
 12055 | D:9      | Reached ***** piety under Beogh
 12093 | D:9      | Reached XP level 11. HP: 48/97 MP: 8/14
 12204 | D:9      | Reached skill level 5 in Armour
 12592 | D:9      | Reached skill level 10 in Fighting
 13056 | D:10     | Entered Level 10 of the Dungeon
 13056 | D:10     | Noticed a cyclops
 13068 | D:10     | Killed a cyclops
 13073 | D:10     | Found Picoj's Antique Armour Emporium.
 13170 | D:10     | Found a staircase to the Lair.
 13285 | D:10     | Found Ihuonnyn's Assorted Antiques.
 13290 | D:10     | Bought a scroll labelled JIOCVA YBUYDEK for 21 gold pieces
 13290 | D:10     | Bought a runed scarf for 168 gold pieces
 13392 | D:10     | Noticed Erolcha
 13417 | D:10     | Killed Erolcha
 13806 | D:10     | Bought a pair of embroidered gloves for 210 gold pieces
 14133 | D:10     | Noticed Harold
 14160 | D:10     | Killed Harold
 14420 | D:10     | Learned a level 2 spell: Passwall
 14458 | D:10     | Noticed a two-headed ogre
 14473 | D:10     | Killed a two-headed ogre
 14474 | D:10     | Reached skill level 15 in Unarmed Combat
 14997 | Lair:1   | Entered Level 1 of the Lair of Beasts
 14997 | Lair:1   | Noticed a four-headed hydra
 15008 | D:10     | Killed a four-headed hydra
 15009 | D:10     | Reached skill level 1 in Transmutations
 15633 | Lair:1   | Gained Marbaugh as an ally
 16577 | Lair:1   | Reached skill level 16 in Unarmed Combat
 16577 | Lair:1   | Reached XP level 12. HP: 86/106 MP: 16/16
 16951 | Lair:2   | Found a hole to the Spider Nest.
 17629 | Lair:2   | Noticed a four-headed hydra
 17631 | Lair:2   | Noticed a catoblepas
 17650 | Lair:2   | Killed a catoblepas
 17659 | Lair:2   | Killed a five-headed hydra
 18147 | Lair:2   | Reached skill level 17 in Unarmed Combat
 18286 | Lair:2   | Learned a level 5 spell: Blade Hands
 18417 | Lair:2   | Found a staircase to the Shoals.
 18985 | D:10     | Bought a runed buckler for 210 gold pieces
 18985 | D:10     | Bought an ichor-stained leather armour for 196 gold pieces
 18985 | D:10     | Identified the +1 leather armour "Diff" {Int+3 Dex+6} (You
                  | bought it in a shop on level 10 of the Dungeon)
 19039 | D:10     | Acquired 531 gold pieces
 19042 | D:10     | Acquired an amulet of faith
 19051 | D:10     | Acquired a manual of Transmutations
 19296 | Lair:3   | Noticed Sonja
 19323 | Lair:3   | Killed Sonja
 19324 | Lair:3   | Reached skill level 5 in Transmutations
 19344 | Lair:3   | Reached ****** piety under Beogh
 20580 | Lair:1   | Upgraded the game from 0.28-a0-938-gbc3f381ebc to
                  | 0.28-a0-957-g42eb19b844
 20598 | D:11     | Noticed a two-headed ogre
 20604 | D:11     | Killed a two-headed ogre
 20823 | D:11     | Reached XP level 13. HP: 116/116 MP: 8/17
 21149 | D:11     | Found a staircase to the Orcish Mines.
 21707 | D:11     | Noticed Nergalle
 22271 | Orc:1    | Entered Level 1 of the Orcish Mines
 22358 | D:11     | Gained Beowulf as an ally
 22369 | D:11     | Reached skill level 1 in Shields
 22962 | Lair:4   | Found a hide-covered altar of Uskayaw.
 22962 | Lair:4   | Found an ornate altar of the Wu Jian Council.
 23119 | Lair:4   | Reached skill level 10 in Transmutations
 23413 | Lair:4   | Gained Gorm as an ally
 24808 | Lair:5   | Found a dark tunnel.
 24818 | Volcano  | Entered a volcano
 24947 | Volcano  | Reached XP level 14. HP: 126/126 MP: 10/18
 24952 | Volcano  | Reached skill level 18 in Unarmed Combat
 26659 | Lair:6   | Entered Level 6 of the Lair of Beasts
 26664 | Lair:6   | Reached skill level 19 in Unarmed Combat
 27507 | Lair:6   | Found a staircase to the Slime Pits.
 27765 | Lair:6   | Reached skill level 5 in Dodging
 28323 | Lair:6   | Identified the +6 flail of Tender Mercy {freeze, Dex+2}
 28669 | D:12     | Reached skill level 5 in Invocations
 28781 | D:11     | Reached skill level 1 in Evocations
 29116 | D:11     | Reached XP level 15. HP: 112/135 MP: 10/19
 30003 | D:12     | Learned a level 7 spell: Dragon Form
 30337 | Shoals:1 | Entered Level 1 of the Shoals
 31411 | Shoals:1 | Identified the +0 pair of boots "Vehi" {-Cast +Blink rN++}
 31465 | Shoals:1 | Reached skill level 5 in Spellcasting
 32062 | Shoals:2 | Mangled by a merfolk impaler

Illustrated notes

Levels and vault maps discovered:
D:1:      matt_arrival_los_fun, layout_rooms,
          hellmonk_ecumenical_altar_pennies_from_heaven,
          chequers_serial_rivers_micro_c, st_stairs_9, nrook_campfire
D:2:      layout_basic, nicolae_concentric_dashed_squares_wild,
          minmay_tromino_v4_a
D:3:      layout_basic, minmay_statues_item, hex_intersection,
          minmay_door_square, corexii_item_surrounded_by_moat, minmay_bisected
D:4:      layout_rooms, nicolae_elevator_lobby_plus
D:5:      layout_gridville
D:6:      layout_loops_cross, chequers_serial_rivers_room_b
D:7:      layout_basic, demons_altar, minmay_temple_entry_mini_moons
D:8:      layout_rooms, hellmonk_ghost_happy_afterlife
D:9:      hangedman_screamer, layout_irregular_city,
          eino_small_chamber_without_monster, minmay_diced_spiral
D:10:     layout_basic, lair_entry_dummy, serial_shops,
          nicolae_shop_hallway_stairs, nicolae_inconvenience_store,
          uniq_erolcha, uniq_harold
D:11:     layout_small_grid, zombieorc1_lemuel, uniq_nergalle
D:12:     layout_basic
Temple:   nicolae_temple_the_god_donut
Lair:1:   lemuel_ratsnest, layout_cave_shapes, chequers_serial_rivers_micro_b,
          kennysheep_abandoned_house, lemuel_fruit_tree,
          infiniplex_staircase_pool
Lair:2:   layout_layer_cave, shoals_dummy_entry, spider_nest_entry_a,
          cheibrodos_lair_lostbears, lemuel_fruit_fields
Lair:3:   layout_chaotic_city, grunt_megastairs_5, uniq_sonja
Lair:4:   layout_regular_city, nzn_masters_of_martial_movement,
          grunt_megastairs_1
Lair:5:   layout_cave_pods, enter_volcano_2, chequers_serial_rivers_room_b,
          beast_lair_carwin_3
Lair:6:   hangedman_lair_in_review, layout_big_grid, minmay_slime_entry_pillars
Shoals:1: layout_shoals
Shoals:2: layout_shoals, gammafunk_ghost_split, serial_nicolae_subway,
          nicolae_sub_station_metal, nicolae_sub_station_crystal,
          nicolae_sub_station_stone
Orc:1:    layout_caves, basic_altar

Skill      XL: |  1  2  3  4  5  6  7  8  9 10 11 12 13 14 15 |
---------------+----------------------------------------------+-----
Unarmed Combat | 4 5 6 7 9 11 12 14 16 17 19 | 19.0
Fighting       | 4 5 7 9 10 11 12 13 | 13.0
Ice Magic      | 1 2 3 4 |  4.0
Invocations    | 1 2 3 5 |  5.0
Dodging        | 3 5 |  5.0
Spellcasting   | 1 2 3 5 |  5.1
Armour         | 4 5 |  5.0
Transmutations | 2 7 11 12 | 12.0
Shields        | 4 |  4.0
Evocations     | 3 4 |  4.0
Stealth        | |  1.5

Action                   |  1- 3 |  4- 6 |  7- 9 | 10-12 | 13-15 || total
-------------------------+-------+-------+-------+-------+-------++-------
Melee: Unarmed           |   111 |   203 |   334 |   610 |   576 ||  1834
       Punch             |     1 |     4 |    14 |    51 |    23 ||    93
Throw: Boomerang         |       |     1 |     2 |       |       ||     3
       Dart              |       |     1 |     1 |       |       ||     2
 Cast: Ozocubu's Armour  |       |       |    30 |    72 |    60 ||   162
       Blade Hands       |       |       |       |     3 |    35 ||    38
Invok: Convert to Beogh  |       |     1 |       |       |       ||     1
       Smiting           |       |     1 |       |       |     1 ||     2
       Give Item to Name |       |       |       |     1 |     3 ||     4
       Recall Orcish Fol |       |       |       |     3 |    11 ||    14
       Stop Recall       |       |       |       |       |     6 ||     6
 Abil: Evoke Invisibilit |       |       |       |     1 |       ||     1
       End Transformatio |       |       |       |       |     1 ||     1
Evoke: Wand              |       |       |     6 |    11 |     3 ||    20
  Use: Scroll            |       |       |     4 |    12 |     6 ||    22
       Potion            |       |       |       |     5 |     1 ||     6
 Stab: Sleeping          |     3 |     8 |     2 |     2 |     5 ||    20
       Paralysed         |       |       |     8 |       |       ||     8
       Confused          |       |       |     1 |     1 |       ||     2
       Distracted        |       |       |     1 |     3 |     6 ||    10
Armor: Robe              |    19 |    34 |    48 |       |     6 ||   107
       Steam dragon scal |       |       |    86 |   278 |   218 ||   582
Dodge: Dodged            |    58 |    87 |   207 |   410 |   335 ||  1097
Block: Buckler           |       |       |       |       |    34 ||    34

Table legend: (Time is in decaauts)
 A = Elapsed time spent in this place.
 B = Non-inter-level travel time spent in this place.
 C = Inter-level travel time spent in this place.
 D = Time resting spent in this place.
 E = Time spent auto-exploring this place.
 F = Levels seen in this place.
 G = Mean time per level.
                   A        B        C        D        E       F      G
               +--------+--------+--------+--------+--------+-----+--------+
         Total |  31754 |  28157 |   3597 |  11220 |   9086 |  23 | 1380.6 |
       Dungeon |  18462 |  16480 |   1982 |   7186 |   5292 |  12 | 1538.5 |
        Temple |    609 |    609 |      0 |    465 |      0 |   1 |  609.0 |
          Lair |  10631 |   9028 |   1603 |   2793 |   3580 |   6 | 1771.8 |
        Shoals |   1500 |   1488 |     12 |    759 |     94 |   2 |  750.0 |
  Orcish Mines |    262 |    262 |      0 |     17 |    120 |   1 |  262.0 |
       Volcano |    287 |    287 |      0 |      0 |      0 |   1 |  287.0 |
               +--------+--------+--------+--------+--------+-----+--------+

Top non-repeatable levels by time:
    D:10: 2640 daAuts
  Lair:2: 2359 daAuts
    D:11: 2312 daAuts
     D:9: 2180 daAuts
  Lair:1: 2116 daAuts
     D:3: 1714 daAuts
  Lair:4: 1712 daAuts
     D:2: 1649 daAuts
  Lair:3: 1569 daAuts
     D:6: 1507 daAuts
Shoals:1: 1488 daAuts
     D:5: 1472 daAuts
  Lair:6: 1442 daAuts
  Lair:5: 1430 daAuts
     D:1: 1309 daAuts
